 Dungeon Crawl Stone Soup version 0.30-a0-996-ga6910c8ee8 (webtiles) character file.

Game seed: 3477765178266968893

336 vishdafish the Conjurer (level 6, 41/41 HPs)
             Began as a Demonspawn Conjurer on Apr 4, 2023.
             Was an Initiate of Vehumet.
             Quit the game on level 5 of the Dungeon.
             The game lasted 00:04:23 (3894 turns).

vishdafish the Conjurer (Demonspawn Conjurer)       Turns: 3894, Time: 00:04:23

Health: 41/41      AC:  4    Str:  8    XL:     6   Next: 28%
Magic:  5/12       EV: 12    Int: 21    God:    Vehumet [......]
Gold:   157        SH:  0    Dex: 11    Spells: 13/14 levels left

rFire   . . .      SeeInvis .    (no weapon)
rCold   . . .      Faith    .    (no shield)
rNeg    . . .      Spirit   .    a - +0 robe
rPois   .          Reflect  .    (helmet restricted)
rElec   .          Rampage  .    (no cloak)
rCorr   .                        (no gloves)
Will    .....                    (no boots)
Stlth   ++                       (no amulet)
HPRegen 0.26/turn                (no ring)
MPRegen 0.13/turn                (no ring)

@: no status effects
A: antennae 1, icy blue scales 1, demonic guardian 1
a: Renounce Religion


You were on level 5 of the Dungeon.
You worshipped Vehumet.
Vehumet was noncommittal.
You visited 2 branches of the dungeon, and saw 6 of its levels.

You collected 193 gold pieces.
You spent 36 gold pieces at shops.

Inventory:

Armour
 a - a +0 robe (worn)
 h - a +0 helmet
Jewellery
 l - a ring of resist corrosion
 v - a +6 ring of intelligence
Scrolls
 e - 9 scrolls of identify {unknown}
 f - a scroll of amnesia {unknown}
 g - 2 scrolls of enchant weapon {unknown}
 i - 3 scrolls of teleportation
 j - a scroll of butterflies {unknown}
 k - a scroll of blinking {unknown}
 o - a scroll of magic mapping {unknown}
 p - 2 scrolls of noise {unknown}
 r - a scroll of enchant armour {unknown}
 s - a scroll of brand weapon {unknown}
Potions
 c - a potion of flight {unknown}
 d - a potion of invisibility {unknown}
 m - a potion of curing {unknown}
 n - a potion of might {unknown}
 q - a potion of degeneration {unknown}
 t - a potion of resistance {unknown}
 u - a potion of haste {unknown}


   Skills:
 - Level 1.9 Dodging
 - Level 2.0 Stealth
 + Level 4.5 Spellcasting
 + Level 6.0 Conjurations


You had 13 spell levels left.
You knew the following spells:

 Your Spells              Type           Power      Damage    Failure   Level
a - Magic Dart            Conj           100%       1d8       1%          1

Your spell library contained the following spells:

 Spells                   Type           Power      Damage    Failure   Level
 Searing Ray              Conj           60%        2d6       1%          2
 Dazzling Flash           Conj/Hex       34%        N/A       10%         3
 Fulminant Prism          Conj/Hex       8%         3d7       32%         4
 Iskenderun's Mystic Bla  Conj/Tloc      17%        2d5       32%         4


Dungeon Overview and Level Annotations

Branches:
Dungeon (5/15)             Temple (1/1) D:4

Altars:
Cheibriados
Dithmenos
Fedhas
Gozag
Hepliaklqana
Kikubaaqudgha
Makhleb
Okawaru
Qazlal
Sif Muna
Trog
Uskayaw
Vehumet
Xom
Yredelemnul

Shops:
D:2 **?


Innate Abilities, Weirdness & Mutations

You have a pair of small antennae on your head.
You are partially covered in icy blue scales. (AC +2)
A weak demonic guardian rushes to your aid.


Message History

Okay, then.
As you read the scroll of teleportation, it crumbles to dust.
You feel strangely unstable. The sleepcap releases spores at you.
* * * LOW HITPOINT WARNING * * *
Aiming: Magic Dart (safe; 1% risk of failure)
Press: ? - help, Q - select action Shift-Dir - straight line, f/p - sleepcap
Aim: a sleepcap (almost destroyed, 100% to hit)
The magic dart hits the sleepcap but does no damage.
The sleepcap is almost destroyed.
The sleepcap releases spores at you but does no damage.
Your surroundings suddenly seem different.
Found 2 scrolls labelled IZUWAKK ROGAA and a dagger.
Found a bloodstained altar of Trog.
Magic restored.
HP restored.
e - 8 scrolls labelled IZUWAKK ROGAA (gained 1)
e - 9 scrolls labelled IZUWAKK ROGAA (gained 1)
A black bear comes into view.
Found 11 gold pieces.
The black bear growls angrily.
A black bear is nearby!
A black bear is nearby!
The magic dart hits the black bear!
The black bear is moderately wounded.
The magic dart hits the black bear!
The black bear is heavily wounded.
The magic dart hits the black bear.
The black bear is severely wounded.
The magic dart hits the black bear.
The black bear is severely wounded.
The magic dart hits the black bear.
The black bear is almost dead.
The magic dart hits the black bear.
You kill the black bear!
Vehumet accepts your kill.
Your Conjurations skill increases to level 6!
You have reached level 6!
Your demonic ancestry asserts itself...
You feel the presence of a demonic guardian.
Are you sure you want to abandon this character and quit the game? (Confirm with "yes".)

........#
........#
........#
........#
........#
........#
........#
........#
.......@#
.......†#
........#
........#
........#
........#
........#
...$....#


There were no monsters in sight!

Vanquished Creatures
  A black bear (D:5)
  A scorpion (D:4)
  2 hounds (D:4)
  A sleepcap (D:4)
  4 adders
  A worm (D:2)
  4 dart slugs
  6 ball pythons
  4 endoplasms
  5 giant cockroaches
  4 hobgoblins
  6 quokkas
  4 bats
  4 goblins
  9 kobolds
  3 rats
59 creatures vanquished.

Notes
Turn   | Place    | Note
-------+----------+-------------------------------------------
     0 | D:1      | vishdafish the Demonspawn Conjurer began the quest for the
                  | Orb.
     0 | D:1      | Reached XP level 1. HP: 13/13 MP: 3/3
   189 | D:1      | Gained mutation: You are partially covered in icy blue
                  | scales. (AC +2) [demonic ancestry]
   189 | D:1      | Reached XP level 2. HP: 19/19 MP: 1/5
   352 | D:1      | You fall into a shaft and drop 1 floor!
   549 | D:2      | Reached XP level 3. HP: 24/24 MP: 2/6
   716 | D:2      | Found Deror's General Store.
   721 | D:2      | Bought a scroll of teleportation for 36 gold pieces
   934 | D:2      | Found Juasoem's Magic Scroll Shop.
  1001 | D:2      | Found Footzige's Assorted Antiques.
  1594 | D:3      | Found a faded altar of an unknown god.
  1721 | D:3      | Found a snail-covered altar of Cheibriados.
  1945 | D:3      | Gained mutation: You have a pair of small antennae on your
                  | head. [demonic ancestry]
  1945 | D:3      | Reached XP level 4. HP: 30/30 MP: 5/8
  2678 | D:4      | Reached skill level 5 in Conjurations
  2733 | D:4      | Found a staircase to the Ecumenical Temple.
  2762 | D:4      | Noticed a scorpion
  2792 | D:4      | Killed a scorpion
  2793 | D:4      | Reached XP level 5. HP: 30/35 MP: 0/10
  3213 | D:4      | Found a shadowy altar of Dithmenos.
  3226 | D:4      | Found a burning altar of Makhleb.
  3679 | Temple   | Entered the Ecumenical Temple
  3693 | Temple   | Became a worshipper of Vehumet
  3715 | D:5      | Entered Level 5 of the Dungeon
  3749 | D:5      | Found a bloodstained altar of Trog.
  3887 | D:5      | Noticed a black bear
  3893 | D:5      | Killed a black bear
  3894 | D:5      | Reached skill level 6 in Conjurations
  3894 | D:5      | Gained mutation: A weak demonic guardian rushes to your
                  | aid. [demonic ancestry]
  3894 | D:5      | Reached XP level 6. HP: 41/41 MP: 5/12
  3894 | D:5      | Quit the game

Illustrated notes

Levels and vault maps discovered:
D:1:      scummos_arrival_hexagon, layout_loops_ring
D:2:      layout_loops_corners, serial_shops, shop, nicolae_diamond_shop,
          nicolae_square_shop, minmay_fractal_squares_5
D:3:      layout_basic, lemuel_coloured_pillars_altar,
          ebering_ecumenical_altar_sacrificial
D:4:      layout_basic, makhleb_heckhound_becter, mainiacjoe_overflow_alcove_1,
          minmay_temple_entry_mist
D:5:      layout_gridville, nemelex_spade_bored_becter, bloody_trog,
          mainiacjoe_overflow_six_doors_small
Temple:   nicolae_temple_ecumenical_triangle

Skill      XL: |  1  2  3  4  5 |
---------------+----------------+-----
Stealth        | 2 |  2.0
Spellcasting   | 3 4 |  4.5
Conjurations   | 5 6 |  6.0
Dodging        | |  1.9

Action                     |  1- 3 |  4- 6 || total
---------------------------+-------+-------++-------
  Melee: Unarmed           |    22 |    17 ||    39
   Cast: Magic Dart        |    80 |   100 ||   180
    Use: Scroll            |       |     1 ||     1
         Potion            |       |     1 ||     1
 Armour: Robe              |     9 |    19 ||    28
  Dodge: Dodged            |    21 |    40 ||    61

Table legend: (Time is in decaauts)
 A = Elapsed time spent in this place.
 B = Non-inter-level travel time spent in this place.
 C = Inter-level travel time spent in this place.
 D = Time resting spent in this place.
 E = Time spent auto-exploring this place.
 F = Levels seen in this place.
 G = Mean time per level.
                   A        B        C        D        E       F      G
               +--------+--------+--------+--------+--------+-----+--------+
         Total |   3898 |   3674 |    224 |      0 |   3235 |   6 |  649.7 |
       Dungeon |   3870 |   3647 |    223 |      0 |   3229 |   5 |  774.0 |
        Temple |     27 |     27 |      0 |      0 |      6 |   1 |   27.0 |
               +--------+--------+--------+--------+--------+-----+--------+

Top non-repeatable levels by time:
     D:3: 1168 daAuts
     D:2: 1093 daAuts
     D:4: 1077 daAuts
     D:1: 352 daAuts
     D:5: 178 daAuts
  Temple: 27 daAuts
